 Dungeon Crawl Stone Soup version 0.31.0-9-g3a7656b989 (webtiles) character file.

Game seed: 3994216762097657733

2017 booth the Ducker (level 9, -1/70 (77) HPs)
             Began as a Gnoll Monk on Jan 24, 2024.
             Was a Believer of Ashenzari.
             Slain by a wight
             ... wielding a +4 scimitar of freezing
              (8 damage)
             ... on level 8 of the Dungeon.
             The game lasted 00:48:05 (6364 turns).

booth the Ducker (Gnoll Monk)                       Turns: 6364, Time: 00:48:06

HP:   -1/70 (77)    AC: 14    Str: 14    XL:     9   Next: 23%
MP:   17/17         EV: 14    Int:  9    God:    Ashenzari [**....]
Gold: 384           SH:  5    Dex: 16    Spells: 19/19 levels left

rFire   . . .        a - +1 hand axe
rCold   . . .        D - +0 buckler
rNeg    + . .        A - quicksilver dragon scales "Oscillating Fan" {Will+, Self, Melee} (curse)
rPois   +            e - +1 helmet "Prophetic Mistrust" {Fort, Range} (curse)
rElec   .            x - +0 cloak
rCorr   .            (no gloves)
SInv    +            (no boots)
Will    +....        (no amulet)
Stlth   ++           v - ring of the Cosmic Seer {rN+, Self, Bglg} (curse)
HPRegen 0.31/turn    y - ring of poison resistance
MPRegen 0.15/turn

%: no passive effects
@: drained
A: fangs 1, strong nose, distributed training
a: Renounce Religion, Curse Item, Shatter the Chains


You were on level 8 of the Dungeon.
You worshipped Ashenzari.
Ashenzari was pleased with you.
You visited 2 branches of the dungeon, and saw 9 of its levels.

You collected 384 gold pieces.

Inventory:

Hand Weapons
 a - a +1 hand axe (weapon)
 s - a +0 mace
Missiles
 b - 5 atropa-tipped darts
 n - 7 boomerangs (quivered)
 p - 12 poisoned darts
Armour
 c - a +0 ring mail
 d - an orb of light
 e - the cursed +1 helmet "Prophetic Mistrust" (worn) {Fort, Range}
   (You found it on level 1 of the Dungeon)

   It has a curse which improves the following skills: Fortitude: Armour and
   Shields.
   Ranged Combat: Ranged Weapons and Throwing.
 f - a +1 leather armour
 o - a +2 robe of willpower
 x - a +0 cloak (worn)
 A - the cursed quicksilver dragon scales "Oscillating Fan" (worn) {Will+, Self, Melee}
   (You found it on level 7 of the Dungeon)

   Will+:     It increases your willpower.
   It has a curse which improves the following skills: Introspection: Fighting
   and Spellcasting.
   Melee Combat: Short Blades, Long Blades, Axes, Maces & Flails, Polearms,
   Staves and Unarmed Combat.
 D - a +0 buckler (worn)
Jewellery
 l - a ring of ice
 v - the cursed ring of the Cosmic Seer (left hand) {rN+, Self, Bglg}
   (You found it on level 6 of the Dungeon)

   [ring of positive energy]

   rN+:       It protects you from negative energy.
   It has a curse which improves the following skills: Introspection: Fighting
   and Spellcasting.
   Beguiling: Hexes and Translocations.
 y - a ring of poison resistance (right hand)
Scrolls
 j - 2 scrolls of torment
 u - 2 scrolls of teleportation
 w - 2 scrolls of poison
 z - a scroll of brand weapon
 B - a scroll of immolation
 C - a scroll of fog
Potions
 g - 4 potions of might
 h - 2 potions of enlightenment
 i - a potion of haste
 k - 2 potions of brilliance
 m - 2 potions of attraction
 r - 3 potions of curing
 t - a potion of resistance
 E - a potion of magic


   Skills:
 + Level 7.8(9.6) Fighting
 + Level 4.2(5.3) Short Blades
 + Level 4.2(5.3) Long Blades
 + Level 7.8(9.0) Axes
 + Level 4.2(5.3) Maces & Flails
 + Level 4.2(5.3) Polearms
 + Level 4.2(5.3) Staves
 + Level 4.2(5.3) Ranged Weapons
 + Level 4.2(5.3) Throwing
 + Level 4.2(5.3) Armour
 + Level 7.8 Dodging
 + Level 4.2 Stealth
 + Level 4.2(5.3) Shields
 + Level 4.2(5.3) Unarmed Combat
 + Level 4.2(5.8) Spellcasting
 + Level 3.4 Conjurations
 + Level 3.4(4.4) Hexes
 + Level 3.4 Summonings
 + Level 3.4 Necromancy
 + Level 3.4(4.4) Translocations
 + Level 3.4 Fire Magic
 + Level 3.4 Ice Magic
 + Level 3.4 Air Magic
 + Level 3.4 Earth Magic
 + Level 3.4 Alchemy
 + Level 4.6 Invocations
 + Level 4.2 Evocations
 + Level 3.8 Shapeshifting


You had 19 spell levels left.
You didn't know any spells.
Your spell library contained the following spells:

 Spells                   Type           Power      Damage    Failure   Level
 Slow                     Hex            40%        N/A       9%          1
 Confusing Touch          Hex            10%        N/A       26%         3
 Sigil of Binding         Hex            10%        N/A       26%         3
 Fugue of the Fallen      Necr           8%         N/A       38%         3
 Ozocubu's Armour         Ice            8%         N/A       38%         3
 Summon Ice Beast         Ice/Summ       8%         N/A       38%         3
 Vampiric Draining        Necr           8%         2d6       38%         3
 Manifold Assault         Tloc           10%        N/A       65%         4
 Summon Mana Viper        Hex/Summ       9%         N/A       97%         5
 Monstrous Menagerie      Summ           4%         N/A       100%        7


Dungeon Overview and Level Annotations

Branches:
Dungeon (8/15)             Temple (1/1) D:4
   Lair: D:8-11

Altars:
Ashenzari
Cheibriados
Dithmenos
Elyvilon
Fedhas
Gozag
Hepliaklqana
Kikubaaqudgha
Makhleb
Nemelex Xobeh
Okawaru
Qazlal
Ru
Sif Muna
Trog
Uskayaw
Vehumet
Wu Jian
Xom
Zin
The Shining One

Shops:
D:4 [   D:5 [

Annotations:
D:8 exclusion: statue


Innate Abilities, Weirdness & Mutations

You have very sharp teeth.
Your uncanny sense of smell can sniff out nearby items.
Your experience applies equally to all skills.


Message History

The wight is severely damaged.
You closely miss the wight. The wight misses you.
The wight hits you with a +4 scimitar of freezing.
You partially resist.
You feel drained. The wight freezes you.
You barely miss the wight.
The wight is severely damaged.
You hit the wight.
The wight hits you with a +4 morningstar.
You partially resist.
You feel drained.
The wight hits you with a +4 scimitar of freezing.
The wight freezes you.
You hit the wight but do no damage.
The wight is severely damaged.
You hit the wight.
The wight hits you with a +4 morningstar!
You partially resist.
You feel drained. The wight hits you but does no damage.
You hit the wight but do no damage.
The wight is severely damaged.
You hit the wight. The wight barely misses you.
The wight hits you with a +4 scimitar of freezing!
The wight freezes you.
You hit the wight but do no damage.
The wight is severely damaged.
You hit the wight. You block the wight's attack.
The wight completely misses you.
You hit the wight.
The wight is almost destroyed.
You closely miss the wight. The wight barely misses you.
You hit the wight but do no damage. You bite the wight, but do no damage.
The wight is almost destroyed.
You closely miss the wight. The wight closely misses you.
You barely miss the wight. You bite the wight, but do no damage.
The wight is almost destroyed.
You hit the wight but do no damage.
The wight hits you with a +4 morningstar!
* * * LOW HITPOINT WARNING * * *
You partially resist.
You feel drained.
* * * LOW HITPOINT WARNING * * *
The wight hits you with a +4 scimitar of freezing!
You die...

..............#
.............# ...
.............# #...
............## #....
.............### #.....
...............#####......
..........................
.................z........
....##..........@z........
#....###....######........
###..# ###..# ###......
##.# ##.# ...... #.# #.#
#.... #.# #.# .... #.# #.#
... #.# ### ## ###


You could see 2 wights.

Vanquished Creatures
  A water moccasin (D:7)
  A black bear (D:7)
  An ice beast (D:4)
  An ogre (D:7)
  2 centaurs
  A phantom (D:4)
  3 bullfrogs
  A scorpion (D:7)
  4 wights (D:6)
  A howler monkey (D:3)
  2 bombardier beetles
  3 jellies
  6 hounds
  An orc priest (D:4)
  2 sleepcaps
  6 iguanas
  An orc wizard (D:7)
  7 adders
  8 gnolls
  2 white imps
  An ufetubus (D:7)
  2 ribbon worms
  6 orcs
  7 ball pythons
  6 endoplasms
  3 goblins
  8 hobgoblins
  4 jackals (D:1)
  8 kobolds
  4 quokkas
  5 bats
  4 frilled lizards
  6 rats
118 creatures vanquished.

Vanquished Creatures (others)
  A sky beast (D:7)
1 creature vanquished.

Grand Total: 119 creatures vanquished

Notes
Turn   | Place    | Note
-------+----------+-------------------------------------------
     0 | D:1      | booth the Gnoll Monk began the quest for the Orb.
     0 | D:1      | Reached XP level 1. HP: 23/23 MP: 1/1
   140 | D:1      | Reached XP level 2. HP: 29/29 MP: 2/2
   966 | D:2      | Reached XP level 3. HP: 32/35 MP: 3/3
  1074 | D:2      | Reached skill level 1 in Invocations
  1215 | D:2      | Reached skill level 1 in Short Blades
  1215 | D:2      | Reached skill level 1 in Long Blades
  1215 | D:2      | Reached skill level 1 in Maces & Flails
  1215 | D:2      | Reached skill level 1 in Polearms
  1215 | D:2      | Reached skill level 1 in Staves
  1215 | D:2      | Reached skill level 1 in Ranged Weapons
  1215 | D:2      | Reached skill level 1 in Throwing
  1215 | D:2      | Reached skill level 1 in Armour
  1215 | D:2      | Reached skill level 1 in Stealth
  1215 | D:2      | Reached skill level 1 in Shields
  1215 | D:2      | Reached skill level 1 in Unarmed Combat
  1215 | D:2      | Reached skill level 1 in Spellcasting
  1215 | D:2      | Reached skill level 1 in Evocations
  1247 | D:2      | Reached skill level 1 in Shapeshifting
  1247 | D:2      | Reached XP level 4. HP: 40/41 MP: 5/5
  1677 | D:3      | Reached skill level 1 in Conjurations
  1677 | D:3      | Reached skill level 1 in Hexes
  1677 | D:3      | Reached skill level 1 in Summonings
  1677 | D:3      | Reached skill level 1 in Necromancy
  1677 | D:3      | Reached skill level 1 in Translocations
  1677 | D:3      | Reached skill level 1 in Fire Magic
  1677 | D:3      | Reached skill level 1 in Ice Magic
  1677 | D:3      | Reached skill level 1 in Air Magic
  1677 | D:3      | Reached skill level 1 in Earth Magic
  1677 | D:3      | Reached skill level 1 in Alchemy
  1872 | D:3      | Reached XP level 5. HP: 47/47 MP: 7/7
  2238 | D:4      | Reached XP level 6. HP: 50/53 MP: 8/8
  2297 | D:4      | Found a staircase to the Ecumenical Temple.
  2357 | Temple   | Entered the Ecumenical Temple
  2368 | Temple   | Became a worshipper of Ashenzari the Shackled
  2397 | D:4      | Noticed an ice beast
  2415 | D:4      | Killed an ice beast
  2561 | D:4      | Found Mon Cuc's Antique Armour Shoppe.
  2587 | D:4      | Reached XP level 7. HP: 46/60 MP: 10/10
  3031 | D:5      | Entered Level 5 of the Dungeon
  3058 | D:5      | Found Gies's Armour Shoppe.
  3311 | D:5      | Found a white marble altar of Elyvilon.
  3778 | D:5      | Reached XP level 8. HP: 65/67 MP: 12/12
  4113 | D:6      | Reached * piety under Ashenzari
  4721 | D:6      | Found a shadowy altar of Dithmenos.
  5212 | D:7      | Reached ** piety under Ashenzari
  5223 | D:7      | Noticed a +0 spear
  5223 | D:7      | Noticed a +0 spear
  5224 | D:7      | Noticed a +0 short sword
  5229 | D:7      | Noticed a +0 falchion
  5229 | D:7      | Noticed a +0 short sword
  5231 | D:7      | Noticed a +0 dagger
  5234 | D:7      | Noticed a +0 falchion
  5244 | D:7      | Noticed a +0 dagger
  5247 | D:7      | Found a hide-covered altar of Uskayaw.
  5711 | D:7      | Reached XP level 9. HP: 77/77 MP: 17/17
  5879 | D:7      | Found a glowing golden altar of the Shining One.
  5931 | D:7      | Found a burning altar of Makhleb.
  6091 | D:8      | Found a radiant altar of Vehumet.
  6262 | D:8      | Found a blossoming altar of Fedhas.
  6364 | D:8      | Slain by a wight

Illustrated notes

Levels and vault maps discovered:
D:1:      nzn_arrival_settlement, layout_basic
D:2:      layout_rooms
D:3:      layout_rooms, minmay_statues_item
D:4:      layout_rooms, minmay_temple_entry_proselytizer, serial_shops,
          nicolae_shop_pleasant_corner_grove
D:5:      layout_rooms, nicolae_overflow_crystal_walls, serial_shops, shop,
          serial_park_tiny_pond, corexii_hall_statues_i, minmay_diced_spiral
D:6:      layout_loops_corners, mainiacjoe_overflow_catwalk
D:7:      layout_gridville, lightli_temple_of_fire, nicolae_uskayaw_en_pointe,
          minmay_ruined_shrine
D:8:      layout_layer_cave, fedhas_ov_isle_minmay, vehumet_statue,
          hangedman_abyss_or_decor_clamps
Temple:   minmay_freezing_vapour_temple

Skill      XL: |  1  2  3  4  5  6  7  8  9 |
---------------+----------------------------+-----
Invocations    | 1 2 3 4 |  4.6
Short Blades   | 1 2 3 4 |  4.2
Long Blades    | 1 2 3 4 |  4.2
Maces & Flails | 1 2 3 4 |  4.2
Polearms       | 1 2 3 4 |  4.2
Staves         | 1 2 3 4 |  4.2
Ranged Weapons | 1 2 3 4 |  4.2
Throwing       | 1 2 3 4 |  4.2
Armour         | 1 2 3 4 |  4.2
Stealth        | 1 2 3 4 |  4.2
Shields        | 1 2 3 4 |  4.2
Unarmed Combat | 1 2 3 4 |  4.2
Spellcasting   | 1 2 3 4 |  4.2
Evocations     | 1 2 3 4 |  4.2
Shapeshifting  | 1 2 3 |  3.8
Conjurations   | 1 2 3 |  3.4
Hexes          | 1 2 3 |  3.4
Summonings     | 1 2 3 |  3.4
Necromancy     | 1 2 3 |  3.4
Translocations | 1 2 3 |  3.4
Fire Magic     | 1 2 3 |  3.4
Ice Magic      | 1 2 3 |  3.4
Air Magic      | 1 2 3 |  3.4
Earth Magic    | 1 2 3 |  3.4
Alchemy        | 1 2 3 |  3.4
Fighting       | 7 |  7.8
Axes           | 7 |  7.8
Dodging        | 7 |  7.8

Action                     |  1- 3 |  4- 6 |  7- 9 || total
---------------------------+-------+-------+-------++-------
  Melee: Hand axe          |    88 |   176 |   273 ||   537
         Bite              |     8 |    30 |    41 ||    79
         Punch             |       |       |     5 ||     5
  Throw: Dart              |       |    10 |       ||    10
         Boomerang         |       |       |    74 ||    74
 Invoke: Curse Item        |       |     1 |     2 ||     3
    Use: Scroll            |     1 |     7 |     1 ||     9
         Potion            |       |     1 |     2 ||     3
   Stab: Invisible         |       |     4 |       ||     4
         Confused          |       |     1 |       ||     1
         Sleeping          |       |     1 |     3 ||     4
 Armour: Robe              |     9 |    82 |    69 ||   160
         Leather armour    |    30 |       |       ||    30
         Quicksilver drago |       |       |    70 ||    70
  Dodge: Dodged            |    45 |   112 |   166 ||   323
  Block: Buckler           |       |       |    31 ||    31
